Map: Abyssal Reef LE

Players

Ziggy - Winner!

  • Race: Terran Terran
  • Spawn Location: 11:00

HuShang

  • Race: Protoss Protoss
  • Spawn Location: 5:00

Event: WCS Montreal 2017

VOD

Have the link to the VOD?

Description

Time

  • Played on: Sept. 8, 2017, 3:28 p.m.
  • Length: 9:24

All games in this series

Show
View Real Time Build Order
Export as new Build Order

Ziggy Terran - Winner!

Build Orders: Reaper Expand, MMM Bio 

Get SALT Encoding   

  12  0:00  SCV  
  13  0:12  SCV  
  14  0:17  Supply Depot  
  14  0:24  SCV  
  15  0:38  SCV  
  15  0:40  Barracks  
  16  0:45  Refinery  
  16  0:50  SCV  
  17  1:02  SCV  
  18  1:15  SCV  
  19  1:27  Orbital Command, Reaper  
  20  1:40  Command Center  
  20  1:53  Barracks  
  20  1:54  SCV  
  20  2:00  Barracks Reactor  
  21  2:06  SCV  
  21  2:07  Supply Depot  
  22  2:18  Refinery  
  22  2:19  SCV  
  23  2:31  SCV  
  23  2:34  Factory  
  24  2:38  Marine x2  
  24  2:41  Barracks Tech Lab  
  24  2:43  SCV  
  27  2:52  Orbital Command  
  27  2:55  Marine x2, SCV  
  30  2:59  Marine  
  30  3:05  Stimpack  
  31  3:08  SCV  
  32  3:13  Marine x2  
  32  3:17  SCV  
  35  3:20  SCV  
  35  3:24  Marine  
  37  3:29  SCV  
  37  3:31  Marine x2  
  37  3:32  SCV  
  41  3:35  Starport  
  41  3:37  Factory Reactor  
  41  3:45  SCV  
  41  3:46  Supply Depot, Marine  
  43  3:49  Marine  
  43  3:50  Marine  
  43  3:51  SCV  
  46  3:58  Supply Depot  
  46  4:08  Marine x3, SCV  
  50  4:18  Medivac x2  
  54  4:25  Marine x2  
  54  4:26  SCV  
  54  4:27  SCV  
  58  4:34  Engineering Bay  
  58  4:37  Factory Tech Lab  
  57  4:38  SCV  
  57  4:39  SCV  
  57  4:40  Marine, Refinery  
  57  4:42  Barracks  
  57  4:43  Marine x2  
  62  4:50  Liberator  
  62  5:01  Supply Depot  
  62  5:05  Supply Depot  
  62  5:07  Siege Tank, SCV x2  
  62  5:10  Combat Shields  
  70  5:15  Refinery  
  70  5:18  Liberator  
  70  5:19  Supply Depot  
  70  5:23  Marine x3, SCV x2  
  73  5:40  Marine x2  
  75  5:44  Siege Tank  
  75  5:47  SCV x2  
  75  5:48  Barracks Tech Lab  
  80  5:52  Barracks  
  80  5:55  Marine  
  81  5:58  Marine  
  81  5:59  SCV x2  
  84  6:07  Terran Infantry Weapons Level 1  
  84  6:09  Supply Depot  
  84  6:11  SCV x2  
  86  6:12  Marine x2  
  86  6:13  Liberator  
  86  6:18  Siege Tank  
  91  6:23  SCV  
  92  6:31  Marine x2, Marauder x2  
  101  6:42  Barracks Tech Lab  
  101  6:45  SCV x2  
  100  6:48  Barracks  
  100  6:49  Supply Depot x2  
  100  6:54  Liberator  
  100  6:56  Liberator  
  100  6:57  Marauder  
  100  6:59  Supply Depot  
  102  7:11  Marine x2, Marauder x2  
  114  7:16  Supply Depot x2  
  114  7:18  Marauder  
  116  7:29  Marine  
  116  7:30  Marine  
  116  7:32  Siege Tank  
  116  7:33  Marauder  
  116  7:36  Liberator  
  123  7:39  Liberator  
  123  7:49  Supply Depot, Command Center  
  123  7:57  Marine  
  121  7:58  Marauder  
  121  8:05  Marauder x2  
  125  8:06  Siege Tank  
  128  8:24  Marauder  
  128  8:25  Barracks Tech Lab  
  130  8:27  Marine, Marauder  
  130  8:28  Barracks  
  130  8:30  Barracks  
  97  8:51  Marine x5  
  97  8:52  Marauder  
  107  9:18  Barracks Tech Lab x2  
Show
View Real Time Build Order
Export as new Build Order

HuShang Protoss 

Build Orders: 1 Gate Expand, Colossus Rush 

Get SALT Encoding   

  12  0:00  Probe (Chrono Boost)  
  13  0:11  Probe (Chrono Boost)  
  14  0:18  Pylon  
  14  0:22  Probe (Chrono Boost)  
  15  0:37  Probe (Chrono Boost), Gateway  
  15  0:42  Assimilator  
  16  0:47  Probe (Chrono Boost)  
  17  0:58  Probe (Chrono Boost)  
  18  1:08  Probe (Chrono Boost)  
  19  1:19  Probe (Chrono Boost)  
  19  1:22  Nexus  
  20  1:32  Cybernetics Core  
  20  1:35  Probe (Chrono Boost)  
  21  1:40  Assimilator  
  21  1:45  Probe (Chrono Boost)  
  22  1:52  Pylon  
  22  1:56  Probe (Chrono Boost)  
  23  2:11  Mothership Core (Chrono Boost), Adept (Chrono Boost)  
  27  2:20  Warp Gate  
  27  2:29  Probe (Chrono Boost)  
  28  2:36  Probe (Chrono Boost)  
  29  2:40  Robotics Facility  
  29  2:41  Probe (Chrono Boost)  
  29  2:43  Adept  
  32  2:47  Probe (Chrono Boost)  
  34  2:51  Probe (Chrono Boost)  
  34  2:57  Probe (Chrono Boost)  
  35  3:02  Probe (Chrono Boost)  
  36  3:05  Gateway  
  36  3:08  Probe (Chrono Boost)  
  36  3:10  Gateway  
  37  3:13  Probe (Chrono Boost)  
  37  3:18  Probe (Chrono Boost)  
  39  3:23  Probe (Chrono Boost)  
  40  3:29  Probe (Chrono Boost), Observer (Chrono Boost)  
  40  3:32  Probe  
  43  3:35  Pylon  
  43  3:40  Assimilator  
  43  3:41  Probe  
  44  3:43  Probe, Assimilator  
  45  3:53  Probe x2, Observer (Chrono Boost)  
  48  3:55  Robotics Bay  
  48  3:57  Pylon  
  48  4:01  Pylon  
  48  4:04  Probe  
  48  4:05  Probe  
  50  4:14  Probe  
  51  4:17  Probe  
  52  4:38  Nexus, Stalker x3  
  58  4:39  Pylon  
  58  4:42  Colossus (Chrono Boost)  
  64  4:54  Extended Thermal Lance (Chrono Boost)  
  64  5:03  Twilight Council  
  64  5:09  Zealot x3  
  64  5:13  Probe  
  64  5:14  Probe  
  72  5:19  Pylon  
  72  5:22  Pylon  
  72  5:25  Probe  
  72  5:26  Probe  
  72  5:37  Pylon  
  72  5:38  Stalker x2  
  72  5:42  Blink (Chrono Boost)  
  72  5:45  Pylon  
  72  5:47  Colossus  
  78  6:08  Probe  
  78  6:09  Probe x2, Forge  
  78  6:10  Forge  
  81  6:11  Sentry, Pylon  
  83  6:19  Probe  
  83  6:21  Probe x2  
  83  6:23  Stalker  
  83  6:24  Stalker  
  90  6:33  Probe  
  90  6:35  Probe  
  90  6:39  Stalker  
  91  6:44  Colossus  
  91  6:45  Protoss Ground Weapons Level 1 (Chrono Boost), Protoss Ground Armor Level 1 (Chrono Boost)  
  88  6:53  Probe  
  88  6:54  Probe x2  
  96  6:59  Stalker  
  97  7:05  Probe  
  97  7:06  Probe x2  
  97  7:07  Pylon x2  
  100  7:10  Stalker  
  102  7:20  Stalker  
  104  7:28  Probe x3  
  107  7:30  Gateway  
  107  7:32  Sentry  
  107  7:33  Sentry, Gateway x2  
  111  7:43  Pylon  
  105  7:46  Sentry, Pylon  
  102  7:59  Immortal  
  102  8:02  Probe x2  
  102  8:03  Probe  
  109  8:06  Photon Cannon, Stalker x2  
  109  8:09  Stalker  
  109  8:11  Pylon  
  115  8:12  Pylon  
  115  8:18  Pylon  
  115  8:26  Stalker  
  117  8:27  Stalker x2  
  81  8:45  Stalker x3  
  73  8:50  Stalker x2  
  73  8:51  Stalker  
  71  9:12  Nexus, Zealot x3  
  71  9:13  Zealot x2  
  71  9:14  Zealot  
Tags
 
Add a new tag
Caveats
  • Supply blocks, unpowered buildings, or Contaminate may cause inaccurate times.
  • Supply counts are checked every 10 seconds.